 Dungeon Crawl Stone Soup version 0.31.0 (webtiles) character file.

Game seed: 710091863214580123

11441 Arcadio the Fighter (level 11, -13/107 HPs)
             Began as a Minotaur Berserker on Jan 19, 2024.
             Was a High Priest of Trog.
             Mangled by an orc knight
             ... wielding a +1 great sword
              (15 damage)
             ... on level 1 of the Orcish Mines.
             The game lasted 00:26:45 (10633 turns).

Arcadio the Fighter (Minotaur Berserker)           Turns: 10633, Time: 00:26:46

Health: -13/107    AC: 18    Str: 25    XL:     11   Next: 49%
Magic:  0/3        EV:  8    Int:  4    God:    Trog [*****.]
Gold:   555        SH:  0    Dex: 11    Spells: 10/10 levels left

rFire   . . .        Q - +8 war axe (antimagic)
rCold   . . .        g - orb {mayhem}
rNeg    . . .        L - +0 plate armour
rPois   +            (helmet restricted)
rElec   .            (no cloak)
rCorr   .            z - +0 pair of gloves
SInv    .            v - +0 pair of boots
Will    +....        G - amulet of guardian spirit Stlth
                     j - ring of flight
HPRegen 0.37/turn    K - ring "Piwy" {rPois Will+ Slay+2}
MPRegen 0.08/turn

%: mayhem, guardian spirit
@: marked, on berserk cooldown, flying, slowed, very slow
A: horns 2, retaliatory headbutt
a: Renounce Religion, Berserk, Trog's Hand, Brothers in Arms


You were on level 1 of the Orcish Mines.
You worshipped Trog.
Trog was extremely pleased with you.
You visited 3 branches of the dungeon, and saw 13 of its levels.
You also visited: Sewer.

You collected 744 gold pieces.
You spent 189 gold pieces at shops.

Inventory:

Hand Weapons
 a - a +0 hand axe
 y - a +2 dire flail of holy wrath
 J - a +4 dire flail of protection
 M - a +0 war axe
 O - a +2 broad axe
 Q - a +8 antimagic war axe (weapon)
Missiles
 E - a throwing net (quivered)
Armour
 b - a +0 animal skin
 e - a +0 chain mail
 g - an orb of mayhem (worn)
 v - a +0 pair of boots (worn)
 z - a +0 pair of gloves (worn)
 C - a scarf of harm
 L - a +0 plate armour (worn)
Jewellery
 j - a ring of flight (left hand)
 k - a ring of fire
 G - an amulet of guardian spirit (around neck)
 K - the ring "Piwy" (right hand) {rPois Will+ Slay+2}
   (You found it on level 7 of the Dungeon)

   [ring of poison resistance]

   Slay+2:    It affects your accuracy & damage with ranged weapons and melee
   (+2).
   rPois:     It protects you from poison Will+: It increases your willpower.
Wands
 s - a wand of roots (13)
 B - a wand of flame (18)
 F - a wand of paralysis (10)
Scrolls
 i - 6 scrolls of fear
 l - a scroll of fog
 n - a scroll of torment {unknown}
 o - a scroll of amnesia {unknown}
 q - 3 scrolls of poison
 r - 3 scrolls of identify
 t - 4 scrolls of blinking
 w - 3 scrolls of teleportation
 x - a scroll of revelation {unknown}
 D - 2 scrolls of vulnerability
 H - 2 scrolls of immolation
Potions
 c - a potion of experience {unknown}
 d - 5 potions of cancellation
 f - a potion of berserk rage {unknown}
 h - 4 potions of haste
 m - 5 potions of ambrosia
 p - 5 potions of curing
 u - a potion of might
 A - 2 potions of brilliance {unknown}
 I - a potion of mutation {unknown}
 N - 3 potions of heal wounds
 P - a potion of resistance {unknown}


   Skills:
 + Level 13.2 Fighting
 + Level 13.0 Axes
 + Level 12.8 Armour
 - Level 2.1 Dodging


You had 10 spell levels left.
You didn't know any spells.
Your spell library was empty.

Dungeon Overview and Level Annotations

Branches:
Dungeon (11/15) Zot: 26433  Temple (1/1) D:6 Zot: 5998    Lair (0/5) D:8
    Orc (1/2) D:11 Zot: 5974   Sewer (visited)

Altars:
Ashenzari
Cheibriados
Dithmenos
Elyvilon
Fedhas
Gozag
Hepliaklqana
Kikubaaqudgha
Makhleb
Nemelex Xobeh
Okawaru
Qazlal
Ru
Sif Muna
Trog
Uskayaw
Vehumet
Wu Jian
Xom
Yredelemnul
Zin
The Shining One

Shops:
D:1 =   D:8 ?   D:11 (*

Annotations:
D:3 1 runed translucent door, Crazy Yiuf
D:8 3 runed translucent doors, dakkaduck's ghost, novice MiBe


Innate Abilities, Weirdness & Mutations

You have a pair of horns on your head.
You reflexively headbutt those who attack you in melee.


Message History

You kill Nergalle!
Trog accepts your kill.
Trog appreciates your killing of a magic user.
The spectral orc knight disappears in a puff of smoke!
The orc knight hits the kobold blastminer with a +1 great sword!!
The kobold blastminer dies!
Trog accepts your kill.
Your Axes skill increases to level 13!
You feel a strong urge to attack something.
You see here 9 gold pieces.
You feel your anger nearly subside.
You are no longer berserk.
You are exhausted.
You feel yourself slow down.
The orc knight shouts!
You hear a howl!
The orc knight shouts!
Okay, then.
The orc knight shouts! x2
The orc knight pulls the alarm!
The alarm trap emits a blaring wail!
A sentinel's mark forms upon you.
You hear a shout! x2; You hear a howl!
You hear a shout! x2; You hear a howl!
You hear a shout! x3; You hear a howl!
You hear a shout!
The orc knight hits you but does no damage.
A warg comes into view.
The orc knight barely misses you.
There is a staircase back to the Dungeon here.
You slice the orc knight!!
You headbutt the orc knight, but do no damage.
The orc knight is almost dead.
The orc knight hits you with a +1 great sword!
The orc knight hits you with a +1 great sword!!
You barely miss the orc knight.
The orc knight is almost dead.
The orc knight hits you with a +1 great sword!
The orc knight hits you with a +1 great sword!!
* * * LOW HITPOINT WARNING * * *
You slash the orc knight! Your headbutt misses the orc knight.
The orc knight is almost dead.
The orc knight hits you with a +1 great sword!
You die...

#......#......#.....
#...................
##.#.........)......
#.........$..)......
#.........)).......
#.......)>........
###...............
##..oh............
#..@.........#))..
##.##....#....#...
## #.....#...#...
...#.###.#). ...####
..#. ....# ## .....
....#


You could see a warg and a neutral orc knight (fast, strong, frenzied,
distracted).

Vanquished Creatures
  2 two-headed ogres
  Nergalle (Orc:1)
  Sonja (D:10)
  A cyclops (D:11)
  A gargoyle (D:10)
  A kobold demonologist (D:5)
  3 trolls
  A merfolk (D:9)
  2 shadows (D:9)
  A wraith (D:11)
  A vampire (D:10)
  2 humans (D:9)
  A steam dragon (D:8)
  Edmund (D:6)
  Menkaure (D:6)
  An acid dragon (D:11)
  2 water moccasins (D:7)
  7 orc warriors
  3 black bears
  An ice beast (D:7)
  3 ogres
  3 wolves (D:10)
  A centaur (D:8)
  A phantom (D:6)
  4 kobold brigands
  3 bullfrogs
  A scorpion (D:5)
  A gnoll sergeant (D:9)
  7 wights
  6 killer bees
  7 howler monkeys
  2 bombardier beetles (D:5)
  4 hounds
  9 orc priests
  3 jellies
  Ijyb (D:3)
  2 gnoll boudas
  An iguana (D:3)
  15 orc wizards
  12 gnolls
  10 adders
  A river rat (D:4)
  2 shadow imps (D:5)
  4 ufetubi
  12 dart slugs
  3 ribbon worms
  41 orcs
  7 bats
  11 endoplasms
  8 giant cockroaches
  9 hobgoblins
  2 jackals (D:2)
  14 kobolds
  5 ball pythons
  14 frilled lizards
  4 goblins
  7 rats
274 creatures vanquished.

Vanquished Creatures (collateral kills)
  A kobold blastminer (Orc:1)
  A kobold demonologist (D:5)
  Grum (D:10)
  2 orc warriors (Orc:1)
  An ogre (D:5)
  A wight (D:9)
  5 killer bees
  An orc priest (Orc:1)
  2 orc wizards
  A gnoll (D:10)
  A white imp (D:7)
  2 dart slugs (Sewer)
  6 orcs
  6 kobolds
  A frilled lizard (Sewer)
32 creatures vanquished.

Vanquished Creatures (others)
  An orc warrior (D:10)
  An orc priest (D:8)
  2 gnolls
  2 orcs
  An endoplasm (D:4)
  A kobold (D:8)
8 creatures vanquished.

Grand Total: 314 creatures vanquished

Notes
Turn   | Place    | Note
-------+----------+-------------------------------------------
     0 | D:1      | Arcadio the Minotaur Berserker began the quest for the Orb.
     0 | D:1      | Reached XP level 1. HP: 19/19 MP: 0/0
   144 | D:1      | Reached XP level 2. HP: 27/27 MP: 1/1
   212 | D:1      | Found Mefelyg's Jewellery Boutique.
   754 | D:2      | Reached ** piety under Trog
   761 | D:2      | Reached XP level 3. HP: 32/33 MP: 2/2
   785 | D:2      | Found a broken altar of Ashenzari.
  1498 | D:3      | Noticed Ijyb
  1539 | D:3      | Killed Ijyb
  1540 | D:3      | Reached XP level 4. HP: 26/41 MP: 3/3
  1804 | D:3      | Reached skill level 5 in Fighting
  1808 | D:3      | Reached XP level 5. HP: 19/48 MP: 4/4
  1816 | D:3      | Reached skill level 5 in Axes
  2071 | D:3      | Found a faded altar of an unknown god.
  2106 | D:3      | Found a runed translucent door.
  2107 | D:3      | Noticed Crazy Yiuf
  2146 | D:3      | You are sucked into a shaft and drop 1 floor!
  2338 | D:4      | Noticed an ogre
  2343 | D:4      | Killed an ogre
  2344 | D:4      | Reached XP level 6. HP: 9/57 MP: 5/5
  2621 | D:4      | Found a glowing drain.
  2625 | D:4      | Reached skill level 5 in Armour
  2635 | Sewer    | Entered a sewer
  2658 | Sewer    | Reached *** piety under Trog
  2882 | Sewer    | Reached XP level 7. HP: 60/64 MP: 6/6
  3189 | D:4      | Found a radiant altar of Vehumet.
  3429 | D:5      | Entered Level 5 of the Dungeon
  3582 | D:5      | Noticed a kobold demonologist
  3693 | D:5      | Reached XP level 8. HP: 61/73 MP: 7/7
  3739 | D:5      | Reached **** piety under Trog
  3768 | D:5      | Found a hide-covered altar of Uskayaw.
  4083 | D:5      | Noticed a kobold demonologist
  4084 | D:5      | Killed a kobold demonologist
  4104 | D:5      | Killed a kobold demonologist
  4519 | D:6      | Found a shimmering altar of Xom.
  4579 | D:6      | Noticed Menkaure
  4593 | D:6      | Killed Menkaure
  4709 | D:6      | Noticed Edmund
  4737 | D:6      | Killed Edmund
  4738 | D:6      | Reached XP level 9. HP: 33/83 MP: 8/8
  5280 | D:6      | Found a glowing golden altar of the Shining One.
  5464 | D:6      | Found a staircase to the Ecumenical Temple.
  5476 | Temple   | Entered the Ecumenical Temple
  5668 | D:7      | Identified the ring "Piwy" {rPois Will+ Slay+2}
  6489 | D:7      | Reached skill level 10 in Fighting
  6621 | D:7      | Reached skill level 10 in Axes
  6891 | D:8      | Noticed a boulder beetle
  6891 | D:8      | Noticed dakkaduck's ghost (novice MiBe)
  6891 | D:8      | Noticed a manticore
  6917 | D:8      | Found a runed translucent gate.
  6920 | D:8      | Found a runed translucent gate.
  6920 | D:8      | Found a runed translucent gate.
  7144 | D:8      | Found Zoikig's Magic Scroll Shoppe.
  7155 | D:8      | Reached skill level 10 in Armour
  7158 | D:8      | Bought a scroll of identify for 28 gold pieces
  7158 | D:8      | Bought a scroll of blinking for 105 gold pieces
  7158 | D:8      | Bought a scroll of identify for 28 gold pieces
  7158 | D:8      | Bought a scroll of identify for 28 gold pieces
  7291 | D:8      | Found a stormy altar of Qazlal.
  7433 | D:8      | Found a staircase to the Lair.
  7677 | D:9      | Reached XP level 10. HP: 84/94 MP: 7/9
  7723 | D:9      | Reached ***** piety under Trog
  8218 | D:9      | Found an iron altar of Okawaru.
  8413 | D:9      | Found a sparkling altar of Nemelex Xobeh.
  8466 | D:9      | Noticed a two-headed ogre
  8472 | D:9      | Killed a two-headed ogre
  8590 | D:9      | Found a snail-covered altar of Cheibriados.
  8956 | D:10     | Entered Level 10 of the Dungeon
  8956 | D:10     | Noticed a two-headed ogre
  8962 | D:10     | Killed a two-headed ogre
  9025 | D:10     | Noticed a gargoyle
  9045 | D:10     | Killed a gargoyle
  9263 | D:10     | Reached XP level 11. HP: 51/105 MP: 5/10
  9475 | D:10     | Found a burning altar of Makhleb.
  9637 | D:10     | Found a sacrificial altar of Ru.
  9637 | D:10     | Found an opulent altar of Gozag.
  9706 | D:10     | Noticed Sonja
  9712 | D:10     | Noticed Grum
  9717 | D:10     | Found an ancient bone altar of Kikubaaqudgha.
  9720 | D:10     | Killed Grum
  9729 | D:10     | Killed Sonja
 10047 | D:11     | Received a gift from Trog
 10424 | D:11     | Found Aaosatt's Alliterative Armaments.
 10524 | D:11     | Found a staircase to the Orcish Mines.
 10525 | D:11     | Found Plog's Weapon Shop.
 10606 | Orc:1    | Entered Level 1 of the Orcish Mines
 10610 | Orc:1    | Noticed Nergalle
 10614 | Orc:1    | Noticed an orc knight
 10622 | Orc:1    | Killed Nergalle
 10632 | Orc:1    | HP: 1/107 [orc knight/+1 great sword (25)]
 10633 | Orc:1    | Mangled by an orc knight

Illustrated notes

Levels and vault maps discovered:
D:1:      dpeg_arrival_tiny_k, layout_loops_ring, serial_shops, shop
D:2:      layout_basic, basic_altar
D:3:      layout_basic, shapermc_ecumenical_altar_rom_forum, uniq_natasha,
          uniq_ijyb, uniq_crazy_yiuf_cottage
D:4:      kennysheep_slugbush, layout_loops_ring, fiery_altar_vehumet,
          mainiacjoe_sewer_entry_somewhere_in_here_1
D:5:      layout_basic, mainiacjoe_overflow_24_doors
D:6:      layout_basic, mainiacjoe_overflow_alcove_2, kennysheep_little_box,
          minmay_temple_entry_slanted, uniq_edmund, uniq_menkaure
D:7:      layout_cave_pools, grunt_tough_drop
D:8:      layout_gridville, marbit_many_paths, serial_shops,
          nicolae_shop_crystal, gammafunk_ghost_split
D:9:      layout_loops_ring, okawaru_humans, slow_altar_2,
          mainiacjoe_overflow_catwalk, hangedman_fish_farm
D:10:     layout_rooms, mainiacjoe_overflow_alcove_1,
          mainiacjoe_overflow_cross_hatched, jmf_multi_god_temple,
          enter_bailey_7, minivault_11, uniq_grum, uniq_sonja
D:11:     layout_loops_cross, orc_david_3, monkooky_shop_alliterative
Temple:   eino_temple_lava
Orc:1:    layout_caves, serial_shops, shop, uniq_nergalle

Skill      XL: |  1  2  3  4  5  6  7  8  9 10 11 |
---------------+----------------------------------+-----
Fighting       | 4 5 6 7 9 10 12 13 | 13.2
Axes           | 4 5 6 7 8 10 12 13 | 13.0
Armour         | 3 4 5 6 8 10 11 12 | 12.8
Dodging        | |  2.1

Action                     |  1- 3 |  4- 6 |  7- 9 | 10-12 || total
---------------------------+-------+-------+-------+-------++-------
  Melee: Hand axe          |   114 |   116 |   216 |       ||   446
         Headbutt          |    12 |    17 |    64 |    45 ||   138
         Punch             |     1 |       |       |       ||     1
         War axe           |       |       |    83 |    39 ||   122
         Broad axe         |       |       |    11 |   164 ||   175
 Invoke: Berserk           |       |     2 |     4 |     5 ||    11
  Evoke: Wand              |       |       |       |     2 ||     2
    Use: Scroll            |       |       |    13 |     4 ||    17
   Stab: Distracted        |       |     2 |       |     1 ||     3
         Paralysed         |       |       |       |     1 ||     1
 Armour: Animal skin       |     7 |       |       |       ||     7
         Chain mail        |   102 |    97 |   195 |       ||   394
         Plate armour      |       |       |   126 |   235 ||   361
  Dodge: Dodged            |    87 |    59 |   153 |   103 ||   402
